 Dungeon Crawl Stone Soup version 0.29-a0-275-g389c0b56f3 (webtiles) character file.

Game seed: 5107994075020855396

112 sammy202020 the Skirmisher (level 4, 0/29 HPs)
             Began as a Gargoyle Berserker on Mar 10, 2022.
             Was a Follower of Trog.
             Killed by divine providence
             ... invoked by an orc priest
              (16 damage)
             ... on level 3 of the Dungeon.
             The game lasted 00:04:02 (2162 turns).

sammy202020 the Skirmisher (Gargoyle Berserker)     Turns: 2162, Time: 00:04:02

Health: 0/29       AC: 10    Str: 21    XL:     4   Next: 95%
Magic:  4/4        EV: 11    Int:  9    God:    Trog [*.....]
Gold:   48         SH:  0    Dex:  9    Spells: 3/3 levels left

rFire   . . .      SeeInvis .   a - +0 mace
rCold   . . .      Faith    .   (no shield)
rNeg    + . .      Spirit   .   f - +0 ring mail
rPois   ∞          Reflect  .   (no helmet)
rElec   +          Harm     .   d - +0 cloak
rCorr   .          Rampage  .   (no gloves)
Will    +....                   (no boots)
Stlth   ..........              (no amulet)
HPRegen 0.09/turn               i - ring of willpower
MPRegen 0.09/turn               (no ring)

@: no status effects
A: sickness immunity, AC +3, negative energy resistance 1, electricity
resistance, torment resistance 1, petrification resistance
a: Renounce Religion, Berserk


You were on level 3 of the Dungeon.
You worshipped Trog.
Trog was aware of your devotion.
You visited 1 branch of the dungeon, and saw 3 of its levels.

You collected 48 gold pieces.

Inventory:

Hand Weapons
 a - a +0 mace (weapon)
Missiles
 b - a throwing net (quivered)
Armour
 c - a +1 robe of cold resistance
 d - a +0 cloak (worn)
 f - a +0 ring mail (worn)
Jewellery
 i - a ring of willpower (left hand)
Scrolls
 g - a scroll of magic mapping {unknown}
 h - a scroll of blinking {unknown}
 j - a scroll of identify {unknown}
Potions
 e - a potion of lignification {unknown}
 k - a potion of resistance {unknown}


   Skills:
 * Level 4.3 Fighting
 * Level 3.8 Maces & Flails
 * Level 3.4 Armour
 + Level 2.0 Dodging


You had 3 spell levels left.
You didn't know any spells.
Your spell library was empty.

Dungeon Overview and Level Annotations

Branches:
Dungeon (3/15)

Altars:
Qazlal


Innate Abilities, Weirdness & Mutations

You are immune to sickness and miasma.
Your stone body is resilient. (AC +3)
You are immune to poison.
You resist negative energy. (rN+)
You are resistant to electric shocks. (rElec)
You are resistant to unholy torment.
You are immune to petrification.


Message History

The worm is almost dead.
You barely miss the worm.
The worm is almost dead.
The worm bites you but does no damage.
You hit the worm.
The worm is almost dead.
The worm barely misses you.
You hit the worm.
The worm is almost dead.
The worm bites you!
You hit the worm.
You kill the worm!
Trog accepts your kill.
There is a stone staircase leading up here.
Done exploring.
Done exploring.
No target in view!
Done exploring.
There is a stone staircase leading down here.
You climb downwards.
You hear the sound of rushing water.
There is an entrance to a sewer on this level.
Hurry and find it before the portal rusts away!
The orc shouts! x2
Found a book of Blasting.
Found an escape hatch in the ceiling.
There is a stone staircase leading up here.
An orc priest comes into view. It is wielding a +0 whip.
The orc priest shouts!
You hear a shout!
An orc priest comes into view. It is wielding a +0 whip.
You completely miss the orc.
The orc priest shouts!
The orc hits you but does no damage.
You hit the orc.
You kill the orc!
Trog accepts your kill.
The orc priest calls down the wrath of Beogh upon you.
Beogh smites you!
The orc priest invokes the aid of Beogh against you.
Beogh smites you!
Ouch! That really hurt!
You die...

#########
#.......#
#....<..#
#.......#
#.......#
###.......#
#......:..#
#<# #@# #)#
..# #o..
#.## #o #o
..


You could see 2 orc priests and an orc.

Vanquished Creatures
  A scorpion (D:2)
  An adder (D:2)
  2 worms (D:2)
  A dart slug (D:2)
  An orc (D:3)
  5 ball pythons
  3 endoplasms
  A giant cockroach (D:1)
  4 goblins
  4 hobgoblins
  9 bats
  2 frilled lizards
  3 kobolds
  4 rats
41 creatures vanquished.

Notes
Turn   | Place    | Note
-------+----------+-------------------------------------------
     0 | D:1      | sammy202020 the Gargoyle Berserker began the quest for the
                  | Orb.
     0 | D:1      | Reached XP level 1. HP: 14/14 MP: 1/1
   182 | D:1      | Reached XP level 2. HP: 17/19 MP: 2/2
   449 | D:1      | Found a faded altar of an unknown god.
   807 | D:1      | Reached XP level 3. HP: 17/24 MP: 3/3
   936 | D:2      | Reached ** piety under Trog
  1147 | D:2      | Found a stormy altar of Qazlal.
  1328 | D:2      | Noticed a scorpion
  1343 | D:2      | HP: 1/24 [scorpion (7)]
  1347 | D:2      | Killed a scorpion
  1348 | D:2      | Reached skill level 4 in Fighting
  1348 | D:2      | Reached XP level 4. HP: 5/29 MP: 4/4
  2162 | D:3      | Killed from afar by an orc priest

Illustrated notes

Levels and vault maps discovered:
D:1:      mrwooster_arrival_arrow, layout_loops_cross,
          ebering_ecumenical_altar_webs, hangedman_decor_clover_reticule
D:2:      layout_loops_corners, basic_altar
D:3:      layout_rooms, portal_sewer_entry_a, uniq_jessica

Skill      XL: |  1  2  3 |
---------------+----------+-----
Fighting       | 4 |  4.3
Armour         | 3 |  3.4
Dodging        | 2 |  2.0
Maces & Flails | |  3.8

Action                   |  1- 3 |  4- 6 || total
-------------------------+-------+-------++-------
Melee: Mace              |   125 |    26 ||   151
       Punch             |     1 |       ||     1
Invok: Berserk           |     1 |       ||     1
       Trog's Hand       |     1 |       ||     1
 Stab: Sleeping          |     1 |       ||     1
Armor: Robe              |    30 |       ||    30
       Ring mail         |    49 |     7 ||    56
Dodge: Dodged            |   115 |    13 ||   128

Table legend: (Time is in decaauts)
 A = Elapsed time spent in this place.
 B = Non-inter-level travel time spent in this place.
 C = Inter-level travel time spent in this place.
 D = Time resting spent in this place.
 E = Time spent auto-exploring this place.
 F = Levels seen in this place.
 G = Mean time per level.
                   A        B        C        D        E       F      G
               +--------+--------+--------+--------+--------+-----+--------+
         Total |   2202 |   2152 |     50 |     30 |   1736 |   3 |  734.0 |
       Dungeon |   2202 |   2152 |     50 |     30 |   1736 |   3 |  734.0 |
               +--------+--------+--------+--------+--------+-----+--------+

Top non-repeatable levels by time:
     D:2: 1247 daAuts
     D:1: 952 daAuts
     D:3: 3 daAuts
